 Dungeon Crawl Stone Soup version 0.20.1-1-g8b1a95d (webtiles) character file.

6832 Irenicus the Reanimator (level 10, -1/75 HPs)
             Began as a Deep Dwarf Necromancer on Nov 6, 2017.
             Was a Priest of Makhleb.
             Slain by a two-headed ogre
             ... wielding a +0 giant club
              (10 damage)
             ... on level 10 of the Dungeon.
             The game lasted 00:44:09 (5627 turns).

Irenicus the Reanimator (Deep Dwarf Necromancer)    Turns: 5627, Time: 00:44:10

Health: -1/75      AC:  7    Str: 10    XL:     10   Next: 77%
Magic:  15/23      EV: 15    Int: 19    God:    Makhleb [***...]
Gold:   287        SH:  0    Dex: 13    Spells: 10/23 levels left

rFire    . . .     SeeInvis .   q - +1 mace (protect)
rCold    . . .     Gourm    .   (no shield)
rNeg     . . .     Faith    .   h - +0 leather armour
rPois    .         Spirit   .   t - +0 helmet
rElec    .         Reflect  .   p - +0 cloak
rCorr    .         Harm     .   (no gloves)
MR       +....                  (no boots)
Stlth    ++........             (no amulet)
Regen    0.0/turn               (no ring)
MPRegen  0.2/turn               B - +3 ring of evasion

@: non-regenerating
A: damage resistance, heal wounds, icy blue scales 1, high mp 1, sense
surroundings 2, screaming 1, weak 1, no regeneration
a: Heal Wounds, Minor Destruction, Lesser Servant of Makhleb, Renounce Religion


You were on level 10 of the Dungeon.
You worshipped Makhleb.
Makhleb was most pleased with you.
You were not hungry.

You visited 2 branches of the dungeon, and saw 11 of its levels.

You collected 287 gold pieces.

Inventory:

Hand Weapons
 m - a +1 whip of electrocution
 n - a +2 mace of draining
 q - a +1 mace of protection (weapon)
 A - a +2 flail of holy wrath
 L - a +1 flail of protection
Armour
 h - a +0 leather armour (worn)
 p - a +0 cloak (worn)
 t - a +0 helmet (worn)
Magical Staves
 G - an uncursed staff of earth
Jewellery
 u - an uncursed ring of ice
 B - a +3 ring of evasion (right hand)
Wands
 a - a wand of paralysis (0/24)
 e - a wand of enslavement (0/24)
 H - a wand of confusion (0/48)
 J - a wand of disintegration (0/24)
 O - a wand of random effects (11/48)
Scrolls
 d - 3 scrolls of teleportation
 f - 4 scrolls of magic mapping
 g - a scroll of enchant armour {unknown}
 k - 2 scrolls of recharging
 r - a scroll of fear
 x - 3 scrolls of enchant weapon {unknown}
 y - a scroll of noise {unknown}
 C - a scroll of blinking {unknown}
 D - a scroll of torment {unknown}
 I - 2 scrolls of remove curse
 M - a scroll of identify
 P - a scroll of amnesia {unknown}
Potions
 i - 2 potions of brilliance
 j - 2 potions of lignification
 l - 2 potions of curing
 o - 2 potions of cancellation
 s - a potion of mutation
 v - 2 potions of heal wounds
 E - a potion of magic
 F - a potion of berserk rage {unknown}
 K - a potion of ambrosia {unknown}
 N - a potion of resistance {unknown}
Books
 b - a book of Necromancy

   Spells                             Type                      Level
   a - Pain                           Necromancy                   1
   b - Animate Skeleton               Necromancy                   1
   c - Vampiric Draining              Necromancy                   3
   d - Regeneration                   Charms/Necromancy            3
   e - Animate Dead                   Necromancy                   4
   f - Control Undead                 Necromancy                   4
Comestibles
 c - 9 bread rations
 w - 3 meat rations
 z - 4 royal jellies


   Skills:
 - Level 2.1 Dodging
 - Level 2.4 Stealth
 - Level 7.2 Spellcasting
 - Level 12.1 Necromancy
 + Level 10.7 Invocations
 - Level 6.3 Evocations


You had 10 spell levels left.
You knew the following spells:

 Your Spells              Type           Power        Failure   Level  Hunger
a - Pain                  Necr           ####         1%          1    None
b - Animate Skeleton      Necr           N/A          1%          1    None
c - Control Undead        Necr           ######....   1%          4    ###....
d - Animate Dead          Necr           N/A          1%          4    ###....
e - Vampiric Draining     Necr           ######....   1%          3    #......


Dungeon Overview and Level Annotations

Branches:
Dungeon (10/15)            Temple (1/1) D:4             Orc (0/2) D:9
   Lair: D:8-11

Altars:
Ashenzari
Cheibriados
Dithmenos
Elyvilon
Fedhas
Gozag
Hepliaklqana
Kikubaaqudgha
Makhleb
Nemelex Xobeh
Okawaru
Qazlal
Ru
Sif Muna
Trog
Uskayaw
Vehumet
Xom
Yredelemnul
Zin
The Shining One
Beogh


Innate Abilities, Weirdness & Mutations

You are resistant to damage.
You can heal yourself by infusing magical energy.
You passively map the area around you.
You do not regenerate.
You are partially covered in icy blue scales. (AC +2)
You have an increased reservoir of magic. (+10% MP)
You occasionally shout uncontrollably at your foes.
You are weak. (Str -2)


Message History

Aim: a two-headed ogre, wielding a giant club and a giant spiked club (chance to defeat MR: 48%)
The two-headed ogre resists with some effort.
This wand has 0 charges left.
The two-headed ogre barely misses you.
The two-headed ogre hits you with a giant spiked club.
Evoke which item? (* to show all) (? for menu, Esc to quit)
This wand has no charges.
Unknown command.
Okay, then.
Found a ring mail.
Casting: Vampiric Draining
Confirm with . or Enter, or press ? or * to list all spells.
Aiming: Vampiric Draining
Press: ? - help, Shift-Dir - straight line, f/p - two-headed ogre
Aim: a two-headed ogre, wielding a giant club and a giant spiked club The two-headed ogre is lightly wounded.
You feel life coursing into your body.
The two-headed ogre hits you with a giant club!!
* * * LOW HITPOINT WARNING * * *
The two-headed ogre hits you with a giant spiked club!
You die...

#.........$......# ,
#................# * , *
#.#######........## * ,
#.# #.......... , , * #.#
#......###** , #.#
##......# , #####.*
#.......#, .....,
#.......# ,,, , , *
...... #....@..####+** ,
, ......* #...O........ ,
, ......* #............ ,
...... #............ ,
......######†#''#####..[
.............#......#...
*
.######....).#......#,,#+
* , .# #......#......# ,
* .# #......##.....# ,* ,
,,


You could see a two-headed ogre.

Vanquished Creatures
  2 two-headed ogres (D:9)
  Pikel (D:7)
  A queen bee (D:9)
  2 hippogriffs
  10 yaks
  A steam dragon (D:7)
  3 ogres
  A water moccasin (D:9)
  2 black bears
  An ice beast (D:7)
  2 sky beasts
  A necrophage (D:7)
  7 killer bees (D:9)
  4 centaurs
  Blork the orc (D:6)
  4 bullfrogs
  A scorpion (D:9)
  A wight (D:8)
  A howler monkey (D:9)
  3 crimson imps
  A quasit (D:9)
  2 orc priests
  Crazy Yiuf (D:2)
  A centaur skeleton (D:7)
  2 hounds
  A jelly (D:9)
  6 worker ants
  Robin (D:3)
  7 gnolls (D:5)
  A worker ant zombie (D:9)
  A howler monkey skeleton (D:4)
  4 adders
  An ooze (D:6)
  A dart slug (D:1)
  5 leopard geckos
  10 orcs
  5 giant cockroaches
  11 goblins
  7 hobgoblins
  7 jackals
  A quokka (D:6)
  A ball python (D:1)
  4 bats
  8 frilled lizards
  A jackal zombie (D:7)
  10 kobolds
  A rat (D:3)
  A spectral orc (D:3)
  A fungus (D:2)
152 creatures vanquished.

Vanquished Creatures (collateral kills)
  Sigmund (D:6)
  2 orc warriors (D:9)
  2 slaves (D:7)
  An ogre (D:8)
  A centaur (D:9)
  A water moccasin zombie (D:8)
  3 killer bees (D:9)
  2 wights (D:8)
  2 crimson imps
  2 hounds
  2 orc priests (D:9)
  An orc wizard (D:9)
  An iguana (D:8)
  A worker ant (D:6)
  A worker ant zombie (D:9)
  18 orcs
  2 goblins
  2 jackals (D:8)
45 creatures vanquished.

Vanquished Creatures (others)
  A killer bee (D:9)
  A crimson imp (D:7)
  An orc priest (D:7)
3 creatures vanquished.

Grand Total: 200 creatures vanquished

Notes
Turn   | Place    | Note
-------+----------+-------------------------------------------
     0 | D:1      | Irenicus the Deep Dwarf Necromancer began the quest for the Orb.
     0 | D:1      | Reached XP level 1. HP: 15/15 MP: 3/3
   164 | D:1      | Reached XP level 2. HP: 13/22 MP: 2/4
   298 | D:1      | Reached skill level 5 in Necromancy
   364 | D:1      | Learned a level 1 spell: Animate Skeleton
   383 | D:2      | Found a hide-covered altar of Uskayaw.
   600 | D:2      | Found an opulent altar of Gozag.
   776 | D:2      | Found a runed door.
   786 | D:2      | Noticed Crazy Yiuf
   791 | D:2      | Killed Crazy Yiuf
   791 | D:2      | Reached XP level 3. HP: 14/28 MP: 0/5
   903 | D:2      | Learned a level 3 spell: Vampiric Draining
   947 | D:2      | Reached skill level 6 in Necromancy
  1072 | D:2      | Reached XP level 4. HP: 10/36 MP: 2/7
  1221 | D:3      | Noticed Robin
  1252 | D:3      | Killed Robin
  1557 | D:3      | Found a basalt altar of Yredelemnul.
  1666 | D:4      | Reached XP level 5. HP: 25/42 MP: 1/9
  1734 | D:4      | Found a staircase to the Ecumenical Temple.
  1740 | Temple   | Entered the Ecumenical Temple
  1885 | D:4      | Found a deep blue altar of Sif Muna.
  2331 | D:5      | Entered Level 5 of the Dungeon
  2357 | D:5      | Noticed a centaur
  2364 | D:5      | Killed a centaur
  2364 | D:5      | Reached XP level 6. HP: 18/49 MP: 1/12
  2372 | D:5      | Learned a level 4 spell: Control Undead
  2616 | D:5      | Noticed a sky beast
  2637 | D:5      | Reached skill level 5 in Spellcasting
  2786 | D:5      | Noticed a sky beast
  2795 | D:5      | Killed a sky beast
  2795 | D:5      | Reached XP level 7. HP: 22/55 MP: 1/14
  2798 | D:5      | Gained mutation: You have an increased reservoir of magic. (+10% MP) [mutagenic meat]
  2799 | D:5      | Gained mutation: You are weak. (Str -2) [mutagenic meat]
  2800 | D:5      | Gained mutation: You occasionally shout uncontrollably at your foes. [mutagenic meat]
  2801 | D:5      | Gained mutation: You are partially covered in icy blue scales. (AC +2) [mutagenic meat]
  3055 | D:6      | Noticed Blork the orc
  3065 | D:6      | Killed Blork the orc
  3065 | D:6      | Reached skill level 7 in Necromancy
  3105 | D:6      | Noticed Sigmund
  3117 | D:6      | Killed Sigmund
  3221 | D:6      | Reached skill level 8 in Necromancy
  3341 | D:6      | Found a radiant altar of Vehumet.
  3399 | D:6      | Found a burning altar of Makhleb.
  3407 | D:6      | Became a worshipper of Makhleb the Destroyer
  3472 | D:6      | Found a hazy altar of Hepliaklqana.
  3524 | D:6      | Learned a level 4 spell: Animate Dead
  3544 | D:6      | Reached skill level 9 in Necromancy
  3546 | D:6      | Reached XP level 8. HP: 57/62 MP: 5/17
  3774 | D:7      | Found a blossoming altar of Fedhas.
  3907 | D:7      | Reached skill level 10 in Necromancy
  4061 | D:7      | Noticed a hippogriff
  4069 | D:7      | Killed a hippogriff
  4086 | D:7      | Noticed Pikel
  4110 | D:7      | Killed Pikel
  4110 | D:7      | Reached skill level 11 in Necromancy
  4110 | D:7      | Gained mutation: You passively map the area around you. [Deep Dwarf growth]
  4110 | D:7      | Reached XP level 9. HP: 60/68 MP: 0/18
  4302 | D:8      | Reached skill level 12 in Necromancy
  4344 | D:8      | Reached * piety under Makhleb
  4465 | D:8      | Noticed a death yak
  4465 | D:8      | Noticed a death yak
  4472 | D:9      | Noticed a two-headed ogre
  4488 | D:9      | Killed a two-headed ogre
  4550 | D:9      | Reached skill level 1 in Evocations
  4628 | D:9      | Reached skill level 5 in Evocations
  4676 | D:9      | Noticed a two-headed ogre
  4801 | D:9      | Reached ** piety under Makhleb
  4850 | D:9      | Killed a two-headed ogre
  4850 | D:9      | Reached XP level 10. HP: 75/75 MP: 6/23
  4894 | D:9      | Reached skill level 5 in Invocations
  5039 | D:9      | Found a roughly hewn altar of Beogh.
  5056 | D:9      | Found a staircase to the Orcish Mines.
  5267 | D:9      | Reached *** piety under Makhleb
  5367 | D:10     | Entered Level 10 of the Dungeon
  5453 | D:10     | Reached skill level 10 in Invocations
  5608 | D:10     | Noticed a two-headed ogre
  5627 | D:10     | Slain by a two-headed ogre

Skill      XL: |  1  2  3  4  5  6  7  8  9 10 |
---------------+-------------------------------+-----
Necromancy     | 5 6 9 11 12 | 12.1
Spellcasting   | 2 3 4 5 7 |  7.2
Evocations     | 6 |  6.3
Invocations    | 4 10 | 10.7
Dodging        | |  2.1
Stealth        | |  2.4

Action                   |  1- 3 |  4- 6 |  7- 9 | 10-12 || total
-------------------------+-------+-------+-------+-------++-------
Melee: Unarmed           |     7 |       |       |       ||     7
       Short sword       |    36 |       |       |       ||    36
       Mace              |    25 |    80 |   235 |    66 ||   406
 Cast: Pain              |    33 |    21 |    44 |    13 ||   111
       Animate Skeleton  |     1 |     9 |    11 |     6 ||    27
       Vampiric Draining |     4 |    27 |    60 |    30 ||   121
       Animate Dead      |       |       |     6 |     6 ||    12
       Control Undead    |       |       |     2 |       ||     2
Invok: Minor Destruction |       |       |     1 |    14 ||    15
Evoke: Wand              |       |       |    14 |    34 ||    48
  Use: Scroll            |       |    11 |     3 |       ||    14
       Potion            |       |       |     1 |       ||     1
 Stab: Sleeping          |     1 |       |       |       ||     1
       Distracted        |       |     1 |     2 |       ||     3
       Paralysed         |       |       |     2 |       ||     2
       Confused          |       |       |       |     5 ||     5
  Eat: Chunk             |     1 |     8 |    14 |     5 ||    28
       Fruit             |       |       |     2 |       ||     2
Armor: Robe              |     2 |       |       |       ||     2
       Leather armour    |    20 |    45 |   158 |    36 ||   259
       Skin              |       |       |     5 |       ||     5
Dodge: Dodged            |    39 |    87 |   332 |   121 ||   579
